 Dungeon Crawl Stone Soup version 0.26.1-16-g4e020e15dc (webtiles) character file.

Game seed: 7416183795793788399

35 Twinkles the Insei (level 3, 0/27 HPs)
             Began as a Merfolk Transmuter on Apr 10, 2023.
             Succumbed to an adder's poison
             ... on level 2 of the Dungeon.
             The game lasted 00:04:37 (1567 turns).

Twinkles the Insei (Merfolk Transmuter)             Turns: 1567, Time: 00:04:38

Health: 0/27       AC:  2    Str: 11    XL:     3   Next: 35%
Magic:  6/6        EV: 13    Int: 12    God:
Gold:   60         SH:  0    Dex: 14    Spells: 3/6 levels left

rFire    . . .     SeeInvis .     - Unarmed
rCold    . . .     Faith    .   (no shield)
rNeg     . . .     Spirit   .   a - +0 robe
rPois    .         Reflect  .   (no helmet)
rElec    .         Harm     .   (no cloak)
rCorr    .         Rampage  .   (no gloves)
Will     .....                  (no boots)
Stlth    +.........             (no amulet)
HPRegen  0.09/turn              (no ring)
MPRegen  0.10/turn              (no ring)

@: lethally poisoned (0 -> -13)
A: change form in water, swift swim, stealthy swim
a: no special abilities


You were on level 2 of the Dungeon.
You visited 1 branch of the dungeon, and saw 2 of its levels.

You collected 60 gold pieces.

Inventory:

Armour
 a - a +0 robe (worn)
Jewellery
 b - an uncursed ring of poison resistance {unknown}
Scrolls
 e - a scroll of teleportation {unknown}
 h - a scroll of remove curse {unknown}
Potions
 c - a potion of curing {unknown}
 d - a potion of haste {unknown}
 f - 2 potions of heal wounds {unknown}
 g - 2 potions of cancellation
 i - a potion of lignification {unknown}


   Skills:
 + Level 1.9 Fighting
 - Level 3.3 Dodging
 + Level 3.7 Unarmed Combat
 - Level 2.0 Spellcasting
 + Level 3.4 Transmutations
 + Level 0.1 Poison Magic


You had 3 spell levels left.
You knew the following spells:

 Your Spells              Type           Power        Failure   Level
a - Beastly Appendage     Tmut           18%          7%          1
b - Wereblood             Tmut           9%           11%         2

Your spell library contained the following spells:

 Spells                   Type           Power        Failure   Level
 Spider Form              Tmut/Pois      2%           36%         3
 Ice Form                 Ice/Tmut       5%           80%         4
 Blade Hands              Tmut           4%           88%         5


Dungeon Overview and Level Annotations

Branches:
Dungeon (2/15)

Altars:


Message History

* * * LOW HITPOINT WARNING * * *
The adder bites you.
* * * LOW HITPOINT WARNING * * *
You are more poisoned.
The adder poisons you!
You hit the adder.
The adder is heavily wounded.
* * * LOW HITPOINT WARNING * * *
You feel sick. The adder bites you.
* * * LOW HITPOINT WARNING * * *
You barely miss the adder.
The adder is heavily wounded.
* * * LOW HITPOINT WARNING * * *
You feel sick. The adder bites you.
* * * LOW HITPOINT WARNING * * *
It was a potion of cancellation.
Your magical effects are unravelling.
You feel magically purged.
Your horns disappear.
You die...

...##.....#.....................#
.....................#'#...†..###
.....................#.#.........
#...................#.######....
#.....................#....#.#..
+............................ .
#.....#.#....########........
#.....#.#....#####.......###.
#....##.#....##@.............
.......#.#......S...........##
.).....#.+..................#
.......###..................#
...................#
...................#
....................
..########......... .. .........


You could see an adder.

Vanquished Creatures
  2 oozes (D:1)
  A dart slug (D:1)
  A leopard gecko (D:2)
  2 giant cockroaches
  3 goblins (D:1)
  A hobgoblin (D:1)
  3 bats
  2 frilled lizards (D:1)
  7 kobolds (D:1)
  4 rats
26 creatures vanquished.

Notes
Turn   | Place    | Note
-------+----------+-------------------------------------------
     0 | D:1      | Twinkles the Merfolk Transmuter began the quest for the
                  | Orb.
     0 | D:1      | Reached XP level 1. HP: 15/15 MP: 3/3
   124 | D:1      | HP: 4/15 [ooze (2)]
   127 | D:1      | Reached XP level 2. HP: 6/21 MP: 3/5
   974 | D:1      | Reached XP level 3. HP: 27/27 MP: 4/6
  1357 | D:1      | Learned a level 2 spell: Wereblood
  1564 | D:2      | HP: 8/27 [adder (4)]
  1566 | D:2      | HP: 1/27 [adder (3)]
  1567 | D:2      | Succumbed to an adder's poison

Illustrated notes

Levels and vault maps discovered:
D:1:      dpeg_arrival_fog, layout_loops_ring
D:2:      layout_basic, nzn_wu_jian_contemplation, uniq_crazy_yiuf_cottage

Skill      XL: |  1 |
---------------+----+-----
Dodging        | 3 |  3.3
Transmutations | 3 |  3.4
Fighting       | |  1.9
Unarmed Combat | |  3.7
Spellcasting   | |  2.0
Poison Magic   | |  0.1

Action                   || total
-------------------------++-------
Melee: Unarmed           ||    77
       Headbutt          ||     5
 Cast: Beastly Appendage ||    18
  Use: Potion            ||     1
Armor: Robe              ||     9
Dodge: Dodged            ||    57
